 Dungeon Crawl Stone Soup version 0.30.1-3-gfc49f6343a (webtiles) character file.

Game seed: 13134419884785539449

86 boopmooplesden the Twirler (level 4, -3/34 HPs)
             Began as a Demonspawn Gladiator on Aug 2, 2023.
             Killed by nerve-wracking pain
             ... invoked by an orc priest
              (9 damage)
             ... on level 3 of the Dungeon.
             The game lasted 00:01:48 (1922 turns).

boopmooplesden the Twirler (Demonspawn Gladiator)   Turns: 1922, Time: 00:01:48

Health: -3/34      AC:  3    Str: 17    XL:     4   Next: 26%
Magic:  4/4        EV: 12    Int:  9    God:
Gold:   195        SH:  0    Dex: 14    Spells: 3/3 levels left

rFire   . . .        a - +0 quarterstaff (vamp)
rCold   . . .        (shield currently unavailable)
rNeg    . . .        b - +0 leather armour
rPois   .            (helmet restricted)
rElec   .            (no cloak)
rCorr   .            (no gloves)
SInv    .            (no boots)
Will    .....        (no amulet)
Stlth   +            (no ring)
HPRegen 0.25/turn    (no ring)
MPRegen 0.09/turn

%: no passive effects
@: no status effects
A: antennae 1, demonic guardian 1, spiny 1
a: no special abilities


You were on level 3 of the Dungeon.
You visited 1 branch of the dungeon, and saw 3 of its levels.

You collected 195 gold pieces.

Inventory:

Hand Weapons
 a - a +0 vampiric quarterstaff (weapon)
Missiles
 d - 3 throwing nets (quivered)
 e - 7 javelins
Armour
 b - a +0 leather armour (worn)
 c - a +0 helmet
 f - a +0 chain mail
Jewellery
 k - an amulet of the acrobat
 l - an amulet of guardian spirit
 s - a ring of resist corrosion
 t - a ring of protection from cold
Scrolls
 o - 2 scrolls of identify {unknown}
 p - a scroll of enchant armour {unknown}
 r - a scroll of teleportation {unknown}
Potions
 g - 3 potions of curing {unknown}
 h - 2 potions of brilliance {unknown}
 i - a potion of degeneration {unknown}
 j - 2 potions of cancellation {unknown}
 m - 2 potions of haste {unknown}
 n - a potion of resistance {unknown}
 q - a potion of might {unknown}


   Skills:
 + Level 2.3 Fighting
 + Level 3.6 Staves
 + Level 1.9 Throwing
 + Level 1.2 Armour
 + Level 3.3 Dodging


You had 3 spell levels left.
You didn't know any spells.
Your spell library contained the following spells:

 Spells                   Type           Power      Damage    Failure   Level
 Kiss of Death            Conj/Necr      0%         2d5       43%         1
 Confusing Touch          Hex            0%         N/A       82%         3
 Portal Projectile        Hex/Tloc       0%         N/A       82%         3
 Tukima's Dance           Hex            0%         N/A       82%         3
 Dispel Undead            Necr           0%         3d6       99%         4
 Blade Hands              Tmut           0%         N/A       100%        5


Dungeon Overview and Level Annotations

Branches:
Dungeon (3/15)

Altars:
Kikubaaqudgha


Innate Abilities, Weirdness & Mutations

You have a pair of small antennae on your head.
A weak demonic guardian rushes to your aid.
You are partially covered in sharp spines.


Message History

t - a ring of protection from cold You now have 188 gold pieces (gained 11).
You now have 195 gold pieces (gained 7).
g - 3 clear potions (gained 1)
There is a stone staircase leading down here.
An orc comes into view. It is wielding a +0 mace.
An orc is nearby!
An orc is nearby!
An orc is nearby!
An orc wizard comes into view. It is wielding a +0 dagger.
The orc shouts!
An orc priest comes into view. It is wielding a +0 dagger.
The orc priest shouts!
The orc wizard shouts!
The orc is struck by your spines. The orc barely misses you.
You barely miss the orc priest.
The orc priest hits you but does no damage.
The orc is struck by your spines.
You kill the orc!
You barely miss the orc priest.
The orc priest is struck by your spines.
The orc priest hits you with a +0 dagger.
You barely miss the orc priest.
The orc priest is moderately wounded.
The orc priest looks encouraged for a moment.
You sock the orc priest!
You feel better.
The orc priest is almost dead.
The orc wizard hits you with a +0 dagger.
The orc priest invokes the aid of Beogh against you.
Beogh smites you!
You closely miss the orc wizard.
The orc wizard points at you and mumbles some strange words.
The magic dart hits you.
A demonic guardian appears!
The orc priest invokes the aid of Beogh against you.
Pain shoots through your body!
* * * LOW HITPOINT WARNING * * *
You closely miss the orc priest.
The orc priest is almost dead.
The orc priest calls down the wrath of Beogh upon you.
Pain shoots through your body!
You die...

#........................
#.######.........######## #.#
##.......######## ######.####
######..##.....# #.........#
##....###.# #.........# #..###
#.## #(........####
#...####..# #...........o####
#.....#....< #......>..##.@o5#
#..##.#.##.#
#.........#####...............
######.#...###......#.........
#.###.....######(.##.....
##.###..#.....# ##.#..#..^
########.......#.....#
#.#.##...
.....>.........#.....##
#.#.##...
......................#
#...#####
.............#........###..##
#


You could see an orc priest, an orc wizard (ally target) and a friendly white
imp (summoned).

Vanquished Creatures
  4 adders
  A worm (D:2)
  A dart slug (D:1)
  2 orcs (D:3)
  2 endoplasms
  2 giant cockroaches
  4 goblins
  6 hobgoblins
  2 kobolds (D:1)
  2 quokkas
  4 ball pythons
  3 bats
  3 frilled lizards
  6 rats
42 creatures vanquished.

Notes
Turn   | Place    | Note
-------+----------+-------------------------------------------
     0 | D:1      | boopmooplesden the Demonspawn Gladiator began the quest for
                  | the Orb.
     0 | D:1      | Reached XP level 1. HP: 16/16 MP: 1/1
   231 | D:1      | Gained mutation: You are partially covered in sharp spines.
                  | [demonic ancestry]
   231 | D:1      | Reached XP level 2. HP: 21/22 MP: 2/2
   582 | D:2      | Found a faded altar of an unknown god.
   838 | D:2      | Gained mutation: A weak demonic guardian rushes to your
                  | aid. [demonic ancestry]
   838 | D:2      | Reached XP level 3. HP: 25/27 MP: 3/3
  1544 | D:3      | Gained mutation: You have a pair of small antennae on your
                  | head. [demonic ancestry]
  1544 | D:3      | Reached XP level 4. HP: 29/34 MP: 4/4
  1580 | D:3      | Reached skill level 1 in Armour
  1592 | D:3      | Found an ancient bone altar of Kikubaaqudgha.
  1922 | D:3      | Killed from afar by an orc priest

Illustrated notes

Levels and vault maps discovered:
D:1:      dpeg_arrival_pond, layout_rooms
D:2:      layout_basic, ebering_ecumenical_altar_mist,
          ebering_dispersal_statue_hall, minmay_tromino_v4_c
D:3:      layout_rooms, mainiacjoe_overflow_brackets

Skill      XL: |  1  2  3  4 |
---------------+-------------+-----
Dodging        | 3 |  3.3
Staves         | 3 |  3.6
Armour         | 1 |  1.2
Fighting       | |  2.3
Throwing       | |  1.9

Action                     |  1- 3 |  4- 6 || total
---------------------------+-------+-------++-------
  Melee: Quarterstaff      |    67 |    15 ||    82
    Use: Scroll            |     2 |       ||     2
 Armour: Leather armour    |    28 |     4 ||    32
  Dodge: Dodged            |    44 |     7 ||    51
